 Dungeon Crawl Stone Soup version 0.29-a0-892-g2c4c91d9db (webtiles) character file.

Game seed: 15965730120189955699

395 jimonade the Shooter (level 7, -16/53 HPs)
             Began as a Formicid Hunter on July 23, 2022.
             Demolished by Menkaure (23 damage)
             ... on level 4 of the Dungeon.
             The game lasted 00:08:14 (3571 turns).

jimonade the Shooter (Formicid Hunter)              Turns: 3571, Time: 00:08:15

Health: -16/53     AC:  3    Str: 16    XL:     7   Next: 9%
Magic:  10/10      EV: 12    Int: 10    God:
Gold:   183        SH:  0    Dex: 17    Spells: 11/11 levels left

rFire   . . .      SeeInvis +   a - +0 shortbow
rCold   + . .      Faith    .   (no shield)
rNeg    + . .      Spirit   .   c - +0 leather armour
rPois   .          Reflect  .   (helmet unavailable)
rElec   .          Harm     .   (no cloak)
rCorr   .          Rampage  .   (no gloves)
Will    .....                   (no boots)
Stlth   +++.......              s - amulet "Sijeamoedu" {rC+ rN+ Regen+ Stlth+}
HPRegen 0.97/turn               (no ring)
MPRegen 0.12/turn               (no ring)

@: no status effects
A: permanent stasis, dig shafts and tunnels, antennae 3, four strong arms
a: Dig, Shaft Self


You were on level 4 of the Dungeon.
You visited 1 branch of the dungeon, and saw 4 of its levels.

You collected 183 gold pieces.

Inventory:

Hand Weapons
 a - a +0 shortbow (weapon)
 n - a +0 short sword
Missiles
 u - 3 poisoned darts
Armour
 c - a +0 leather armour (worn)
 j - a +0 ring mail
 m - a +0 chain mail
 o - a +1 plate armour
Magical Staves
 l - a staff of death
Jewellery
 s - the amulet "Sijeamoedu" (around neck) {rC+ rN+ Regen+ Stlth+}
   (You found it on level 3 of the Dungeon)

   [amulet of regeneration]

   rC:        It protects you from cold.
   rN:        It protects you from negative energy.
   Regen:     It increases your rate of health regeneration.
   Stlth:     It makes you more stealthy.
Wands
 e - a wand of digging (4)
Scrolls
 b - 2 scrolls of immolation
 g - a scroll of magic mapping
 r - a scroll of summoning {unknown}
 t - a scroll of butterflies
 v - a scroll of identify
Potions
 d - a potion of ambrosia
 f - a potion of mutation {unknown}
 h - a potion of brilliance
 i - a potion of haste {unknown}
 k - 2 potions of lignification
 p - a potion of invisibility {unknown}
 q - a potion of might {unknown}


   Skills:
 * Level 3.8 Fighting
 + Level 6.4 Ranged Weapons
 + Level 1.4 Armour
 + Level 2.0 Dodging
 - Level 1.2 Stealth
 * Level 2.5 Spellcasting


You had 11 spell levels left.
You didn't know any spells.
Your spell library contained the following spells:

 Spells                   Type           Power      Damage    Failure   Level
 Shock                    Conj/Air       4%         1d3       36%         1
 Gell's Gravitas          Tloc           1%         N/A       73%         3
 Stone Arrow              Conj/Erth      2%         3d7       73%         3
 Teleport Other           Tloc           1%         N/A       73%         3
 Airstrike                Air            0%         0-2+      98%         4
 Animate Armour           Summ/Erth      2%         N/A       98%         4
 Dispersal                Tloc           0%         N/A       100%        6
 Lehudib's Crystal Spear  Conj/Erth      0%         10d2      100%        8
 Swiftness                Air            Unusable   N/A       N/A         3

Dungeon Overview and Level Annotations

Branches:
Dungeon (4/15)
 Temple: D:4-7

Altars:
Fedhas

Portals:
Abyss: D:3

Annotations:
D:3 2 transporters, wingedge's ghost, amateur DrSu
D:4 Edmund; Menkaure


Innate Abilities, Weirdness & Mutations

You cannot be hasted, slowed, berserked, paralysed or teleported.
You can dig through walls and to a lower floor.
You have a pair of large antennae on your head. (SInv)
Your four strong arms can wield two-handed weapons with a shield.


Message History

Menkaure seems to speed up.
You shoot an arrow.
The arrow hits Menkaure but does no damage.
Menkaure is lightly damaged.
You shoot an arrow. The arrow hits Menkaure.
Menkaure is moderately damaged.
You shoot an arrow. The arrow hits Menkaure.
Menkaure is moderately damaged.
Menkaure barely misses you.
You shoot an arrow. The arrow hits Menkaure.
Menkaure is heavily damaged.
Menkaure calls on the powers of darkness!
Your body is wracked with pain!
Menkaure hits you!!
* * * LOW HITPOINT WARNING * * *
You are too injured to fight recklessly!
You are too injured to fight recklessly!
You are too injured to fight recklessly!
You are too injured to fight recklessly!
Unknown command.
Fire: a) +0 shortbow
Press: ? - help, Q - select action, (/) - cycle Shift-Dir - straight line, f/p - Menkaure
Aim: Menkaure (heavily damaged, fast, 77% to hit)
You shoot an arrow. The arrow barely misses Menkaure.
Menkaure casts a spell at you. Pain shoots through your body!
* * * LOW HITPOINT WARNING * * *
Fire: a) +0 shortbow
Press: ? - help, Q - select action, (/) - cycle Shift-Dir - straight line, f/p - Menkaure
Aim: Menkaure (heavily damaged, fast, 77% to hit)
You shoot an arrow.
The arrow hits Menkaure but does no damage.
Menkaure is heavily damaged.
Menkaure hits you.
* * * LOW HITPOINT WARNING * * *
Fire: a) +0 shortbow
Press: ? - help, Q - select action, (/) - cycle Shift-Dir - straight line, f/p - Menkaure
Aim: Menkaure (heavily damaged, fast, 77% to hit)
You shoot an arrow. The arrow barely misses Menkaure.
Menkaure barely misses you. Menkaure hits you!!
You die...

########
###......######
#.............#
#@#[.|.#.####.####
#M#...............
#.#.####..........
#.#..........<....
..#####...#.......
[.. ...).........
... #.#.#####.....
.... #.#.
........? # ##
####.....


You could see Menkaure (fast).

Vanquished Creatures
  Grinder (D:3)
  A hound (D:3)
  Terence (D:3)
  Robin (D:2)
  4 adders
  An ufetubus (D:3)
  A dart slug (D:2)
  An orc (D:2)
  3 endoplasms
  6 giant cockroaches
  14 goblins
  10 hobgoblins
  5 kobolds
  5 quokkas
  4 ball pythons
  3 bats
  7 frilled lizards
  13 rats
81 creatures vanquished.

Notes
Turn   | Place    | Note
-------+----------+-------------------------------------------
     0 | D:1      | jimonade the Formicid Hunter began the quest for the Orb.
     0 | D:1      | Reached XP level 1. HP: 16/16 MP: 1/1
    90 | D:1      | Reached XP level 2. HP: 2/22 MP: 2/2
   590 | D:1      | Reached XP level 3. HP: 25/28 MP: 3/3
   718 | D:1      | Found a faded altar of an unknown god.
  1014 | D:2      | Noticed Robin
  1018 | D:2      | Reached skill level 1 in Spellcasting
  1421 | D:2      | Reached XP level 4. HP: 27/34 MP: 5/5
  1722 | D:2      | Killed Robin
  2190 | D:3      | Reached skill level 5 in Ranged Weapons
  2240 | D:3      | Noticed Terence
  2252 | D:3      | Killed Terence
  2253 | D:3      | Reached XP level 5. HP: 19/41 MP: 7/7
  2642 | D:3      | Found a transporter.
  2650 | D:3      | Found a one-way gate to the infinite horrors of the Abyss.
  2650 | D:3      | Noticed wingedge's ghost (amateur DrSu)
  2651 | D:3      | Noticed a small abomination
  2685 | D:3      | Noticed an ancient zyme
  2688 | D:3      | Noticed a small abomination
  2697 | D:3      | Identified the amulet "Sijeamoedu" {rC+ rN+ Regen+ Stlth+}
  2710 | D:3      | Found a transporter.
  2795 | D:3      | Noticed Grinder
  2827 | D:3      | Killed Grinder
  2828 | D:3      | Reached skill level 6 in Ranged Weapons
  2828 | D:3      | Reached skill level 1 in Armour
  2828 | D:3      | Reached XP level 6. HP: 20/48 MP: 7/9
  3007 | D:3      | Found a blossoming altar of Fedhas.
  3100 | D:3      | Reached XP level 7. HP: 53/53 MP: 10/10
  3436 | D:4      | Noticed Edmund
  3561 | D:4      | Noticed Menkaure
  3571 | D:4      | Demolished by Menkaure

Illustrated notes

Levels and vault maps discovered:
D:1:      tarquinn_simple_flora_water_c, layout_basic,
          chequers_ecumenical_altar_grove, minmay_cupped
D:2:      layout_rooms, minmay_misc_feat_doors, uniq_robin
D:3:      layout_loops_ring, fedhas_altar_1, gammafunk_ghost_abyssal_escape,
          corexii_leaking_fountain, uniq_terence, uniq_grinder
D:4:      layout_basic, corexii_checkpoint_b, uniq_edmund, uniq_menkaure

Skill      XL: |  1  2  3  4  5 |
---------------+----------------+-----
Spellcasting   | 1 2 |  2.5
Dodging        | 2 |  2.0
Ranged Weapons | 5 6 |  6.4
Fighting       | 3 |  3.8
Armour         | 1 |  1.4
Stealth        | |  1.2

Action                   |  1- 3 |  4- 6 |  7- 9 || total
-------------------------+-------+-------+-------++-------
 Fire: Shortbow          |    99 |   122 |    37 ||   258
 Abil: Dig               |     1 |       |       ||     1
  Use: Scroll            |       |     9 |       ||     9
Armor: Leather armour    |    12 |     6 |     5 ||    23
       Plate armour      |       |     5 |       ||     5
Dodge: Dodged            |    46 |    28 |    10 ||    84

Table legend: (Time is in decaauts)
 A = Elapsed time spent in this place.
 B = Non-inter-level travel time spent in this place.
 C = Inter-level travel time spent in this place.
 D = Time resting spent in this place.
 E = Time spent auto-exploring this place.
 F = Levels seen in this place.
 G = Mean time per level.
                   A        B        C        D        E       F      G
               +--------+--------+--------+--------+--------+-----+--------+
         Total |   3657 |   3479 |    178 |    896 |   1651 |   4 |  914.2 |
       Dungeon |   3657 |   3479 |    178 |    896 |   1651 |   4 |  914.2 |
               +--------+--------+--------+--------+--------+-----+--------+

Top non-repeatable levels by time:
     D:2: 1298 daAuts
     D:1: 1234 daAuts
     D:3: 1005 daAuts
     D:4: 118 daAuts
